 Dungeon Crawl Stone Soup version 0.31-a0-1098-g6898e6545c (webtiles) character file.

Game seed: 15335555973698881264

43 Revguard the Chopper (level 3, -6/30 HPs)
             Began as a Ghoul Gladiator on Nov 30, 2023.
             Mangled by a gnoll
             ... wielding a +0 halberd
              (12 damage)
             ... on level 4 of the Dungeon.
             The game lasted 00:02:18 (773 turns).

Revguard the Chopper (Ghoul Gladiator)               Turns: 773, Time: 00:02:20

Health: -6/30      AC:  6    Str: 19    XL:     3   Next: 58%
Magic:  2/2        EV: 11    Int:  7    God:
Gold:   55         SH:  0    Dex: 10    Spells: 2/2 levels left

rFire   . . .        a - +0 war axe
rCold   + . .        (no shield)
rNeg    + + +        j - +0 ring mail
rPois   ∞            c - +0 helmet
rElec   .            (no cloak)
rCorr   .            (no gloves)
SInv    .            (no boots)
Will    .....        (no amulet) Stlth
                     (no ring)
HPRegen 0.00/turn    (no ring)
MPRegen 0.08/turn

%: no passive effects
@: inhibited regen
A: claws 1, cold resistance 1, negative energy resistance 3, inhibited
regeneration, torment resistance 2, devour on kill
a: no special abilities


You were on level 4 of the Dungeon.
You visited 1 branch of the dungeon, and saw 3 of its levels.

You collected 55 gold pieces.

Inventory:

Hand Weapons
 a - a +0 war axe (weapon)
Missiles
 d - 3 throwing nets (quivered)
 e - a javelin
Armour
 b - a +0 leather armour
 c - a +0 helmet (worn)
 j - a +0 ring mail (worn)
Jewellery
 l - an amulet of regeneration
Scrolls
 h - a scroll of revelation
 m - a scroll of identify
Potions
 f - a potion of haste {unknown}
 k - a potion of ambrosia {unknown}
 n - a potion of might {unknown}


   Skills:
 * Level 2.7 Fighting
 * Level 3.1 Axes
 - Level 1.7 Throwing
 + Level 0.7 Armour
 + Level 2.9 Dodging
 + Level 0.9 Invocations
 + Level 0.6 Evocations


You had 2 spell levels left.
You didn't know any spells.
Your spell library was empty.

Dungeon Overview and Level Annotations

Branches:
Dungeon (2/15)

Altars:


Innate Abilities, Weirdness & Mutations

You are immune to poison.
You have sharp fingernails.
Your flesh is cold resistant. (rC+)
You are immune to negative energy. (rN+++)
You do not regenerate when monsters are visible.
You are immune to unholy pain and torment.
You thrive by killing the living.


Message History

The killer bee closely misses you.
As you read the scroll labelled LILONI IKKOJASM, it crumbles to dust.
It is a scroll of identify.
h - a scroll of revelation The killer bee barely misses you.
The killer bee stings you!
* * * LOW HITPOINT WARNING * * *
The hobgoblin hits you but does no damage.
The adder barely misses you. The gnoll closely misses you.
The phantom hits you but does no damage.
The killer bee barely misses you.
Okay, then.
As you read the scroll labelled PYF IBU FIE, it crumbles to dust.
It is a scroll of amnesia.
You feel forgetful for a moment. The killer bee closely misses you. x2
The adder bites you.
* * * LOW HITPOINT WARNING * * *
The hobgoblin hits you but does no damage.
The gnoll barely misses you. The phantom barely misses you.
The killer bee barely misses you. x2
It was a potion of heal wounds.
You feel much better. The adder bites you.
The killer bee closely misses you. x2; The hobgoblin closely misses you.
The gnoll barely misses you. The gnoll hits you with a +0 flail.
The adder bites you.
The phantom hits you but does no damage.
The killer bee completely misses you.
The killer bee stings you but does no damage.
You hit the adder.
The adder is severely wounded.
You completely miss the killer bee. You miss the killer bee.
You closely miss the hobgoblin. You hit the gnoll.
You closely miss the phantom. The killer bee stings you. x2
The hobgoblin hits you.
* * * LOW HITPOINT WARNING * * *
The adder bites you but does no damage.
The gnoll hits you from afar with a +0 spear.
* * * LOW HITPOINT WARNING * * *
The killer bee barely misses you. The killer bee closely misses you.
The gnoll barely misses you.
The gnoll hits you from afar with a +0 halberd!
You die...

...|####....g...........
.... #................
.... #######..........
.... #.$.$....[. #### #
#...!...... #..
#......### ....#.gyg..#
#.....ygg..#
##+#.yy@W..# ##.S#####
...... #####.# #.# .. ##


You could see a phantom, 4 killer bees, 3 gnolls, an adder and a hobgoblin.

Vanquished Creatures
  An adder (D:2)
  2 dart slugs (D:1)
  A ball python (D:1)
  4 endoplasms (D:1)
  2 giant cockroaches (D:1)
  3 goblins (D:1)
  2 hobgoblins (D:1)
  A kobold (D:1)
  3 quokkas
  A bat (D:2)
  2 frilled lizards (D:1)
  5 rats
27 creatures vanquished.

Notes
Turn   | Place    | Note
-------+----------+-------------------------------------------
     0 | D:1      | Revguard the Ghoul Gladiator began the quest for the Orb.
     0 | D:1      | Reached XP level 1. HP: 17/17 MP: 0/0
    54 | D:1      | Found a faded altar of an unknown god.
    63 | D:1      | Reached XP level 2. HP: 25/25 MP: 1/1
   346 | D:1      | Reached skill level 3 in Axes
   420 | D:1      | Reached XP level 3. HP: 30/30 MP: 2/2
   746 | D:2      | You fall into a shaft and drop 2 floors!
   757 | D:4      | Noticed a phantom
   764 | D:4      | Noticed a killer bee
   765 | D:4      | Noticed a killer bee
   766 | D:4      | Noticed a killer bee
   766 | D:4      | Noticed a killer bee
   773 | D:4      | Mangled by a gnoll

Illustrated notes

Levels and vault maps discovered:
D:1:      orjb1_lava_funnel, layout_basic, ebering_ecumenical_altar_box,
          minivault_11
D:2:      layout_rooms
D:4:      layout_basic, serial_glass, glass_columns_b, glass_columns_a

Skill      XL: |  1  2 |
---------------+-------+-----
Axes           | 3 |  3.1
Fighting       | |  2.7
Throwing       | |  1.7
Armour         | |  0.7
Dodging        | |  2.9
Invocations    | |  0.9
Evocations     | |  0.6

Action                     || total
---------------------------++-------
  Melee: War axe           ||    65
    Use: Scroll            ||     2
         Potion            ||     1
   Stab: Sleeping          ||     1
 Armour: Leather armour    ||     4
         Ring mail         ||    51
  Dodge: Dodged            ||    79

Table legend: (Time is in decaauts)
 A = Elapsed time spent in this place.
 B = Non-inter-level travel time spent in this place.
 C = Inter-level travel time spent in this place.
 D = Time resting spent in this place.
 E = Time spent auto-exploring this place.
 F = Levels seen in this place.
 G = Mean time per level.
                   A        B        C        D        E       F      G
               +--------+--------+--------+--------+--------+-----+--------+
         Total |    796 |    779 |     17 |      0 |    554 |   3 |  265.3 |
       Dungeon |    796 |    779 |     17 |      0 |    554 |   3 |  265.3 |
               +--------+--------+--------+--------+--------+-----+--------+

Top non-repeatable levels by time:
     D:1: 683 daAuts
     D:2: 84 daAuts
     D:4: 27 daAuts
